 Dungeon Crawl Stone Soup version 5.2-56-g927a965 (console) character file.

37 prospero the Insei (level 4, -5/32 HPs)
             Began as a Merfolk Transmuter on Jan 1, 2018.
             Was an Initiate of Okawaru.
             Slain by a scorpion (10 damage)
             ... on level 3 of the Dungeon.
             The game lasted 00:05:35 (1940 turns).

prospero the Insei (Merfolk Transmuter)             Turns: 1940, Time: 00:05:36

Health: -5/32      AC:  2 (0%)Str: 10   XL:     4   Next: 34%
Magic:  6/6        EV: 13    Int: 13    God:    Okawaru [0*[16]]
Gold:   212        SH:  0    Dex: 14    Spells: 6/7 levels left

rFire    . . .     SeeInvis .     - Unarmed
rCold    . . .     Faith    .   (no shield)
rNeg     . . .     Spirit   .   b - +0 robe
rPois    .         Reflect  .   (no helmet)
rElec    .                      (no cloak)
rCorr    .                      (no gloves)
MR       .....                  (no boots)
Stlth    +.........             (no amulet)
Regen    0.1/turn               (no ring)
MPRegen  0.2/turn               (no ring)

@: lethally poisoned (-5 -> -7), appendage
A: change form in water, swift swim, stealthy swim, horns 2
a: End Transformation, Renounce Religion


You were on level 3 of the Dungeon.
You worshipped Okawaru.
Okawaru was noncommittal.
You were not hungry.
You had grown temporary horns.
You visited 1 branch of the dungeon, and saw 3 of its levels.

You collected 212 gold pieces.

Inventory:

Missiles
 a - 174 arrows
 c - 221 stones (quivered)
 h - 91 javelins
Armour
 b - a +0 robe (worn)
 g - a +0 ring mail
Jewellery
 l - a +3 ring of protection
Scrolls
 e - a scroll of fear
 i - a scroll of blinking
Potions
 f - a potion of heal wounds
 j - 2 potions of cancellation
 k - a potion of resistance


   Skills:
 - Level 1.1 Fighting
 - Level 2.6 Dodging
 * Level 5.5 Unarmed Combat
 - Level 2.0 Spellcasting
 - Level 2.6 Transmutations


You had 6 spell levels left.
You knew the following spells:

 Your Spells              Type           Power        Failure   Level  Hunger
a - Beastly Appendage     Tmut           8 (50)       9%          1    N/A

Dungeon Overview and Level Annotations

Branches:
Dungeon (3/15)

Altars:
Okawaru
Wu Jian
Xom
Zin
The Shining One


Innate Abilities, Weirdness & Mutations

You revert to your normal form in water.
You are very nimble and swift while swimming.
You are very stealthy in the water.
You have a pair of horns on your head.


Message History

You hit the adder (5).
You kill the adder!
Okawaru accepts your kill.
You closely miss the scorpion.
The scorpion is moderately wounded.
You feel sick. The scorpion barely misses you.
You barely miss the scorpion.
The scorpion is moderately wounded.
The scorpion misses you.
You completely miss the scorpion.
The scorpion is moderately wounded.
The scorpion misses you.
You hit the scorpion but do no damage.
The scorpion is moderately wounded.
The scorpion stings you (9)!
* * * LOW HITPOINT WARNING * * *
You closely miss the scorpion.
The scorpion is moderately wounded.
You feel sick. The scorpion stings you (10)!
You die...

....# #.# ##.#
..#.# #.# #.#
#.......## #.#
.##.###....##.#
..............##
#.
####.##.#####..#
.. .##.# ##.##
#. ##...# ..
###.._.##.#
#.......#.#
#.###)#@#.# ...
#.#.s.# #.#
#..##....# ..
..... ......#
######. ##.....
. ....# .. ...#
..# ..#


You could see a scorpion.

Vanquished Creatures
  2 adders
  An ooze (D:1)
  3 dart slugs
  3 quokkas (D:2)
  A ball python (D:1)
  9 bats
  A giant cockroach (D:1)
  8 goblins
  7 hobgoblins
  2 frilled lizards
  4 kobolds
  3 rats
44 creatures vanquished.

Notes
Turn   | Place    | Note
-------+----------+-------------------------------------------
     0 | D:1      | prospero the Merfolk Transmuter began the quest for the Orb.
     0 | D:1      | Reached XP level 1. HP: 15/15 MP: 3/3
   221 | D:1      | Reached XP level 2. HP: 13/21 MP: 4/4
   239 | D:1      | Reached skill level 4 in Unarmed Combat
   687 | D:1      | Reached XP level 3. HP: 19/26 MP: 5/5
  1089 | D:2      | Found a faded altar of an unknown god.
  1143 | D:2      | Found a glowing silver altar of Zin.
  1193 | D:2      | Reached skill level 5 in Unarmed Combat
  1228 | D:2      | Reached XP level 4. HP: 24/32 MP: 6/6
  1423 | D:2      | Found a glowing golden altar of the Shining One.
  1511 | D:2      | Found an ornate altar of the Wu Jian Council.
  1559 | D:2      | Found an iron altar of Okawaru.
  1863 | D:2      | Became a worshipper of Warmaster Okawaru
  1909 | D:3      | Found a shimmering altar of Xom.
  1940 | D:3      | Slain by a scorpion

Skill      XL: |  1  2  3 |
---------------+----------+-----
Unarmed Combat | 4 5 |  5.5
Fighting       | |  1.1
Dodging        | |  2.6
Spellcasting   | |  2.0
Transmutations | |  2.6

Action                   |  1- 3 |  4- 6 || total
-------------------------+-------+-------++-------
Melee: Unarmed           |   112 |    44 ||   156
       Headbutt          |    18 |     6 ||    24
       Tailslap          |     2 |       ||     2
 Cast: Beastly Appendage |     1 |       ||     1
  Use: Potion            |       |     1 ||     1
Armor: Robe              |    33 |     5 ||    38
Dodge: Dodged            |   100 |    31 ||   131
